 Dungeon Crawl Stone Soup version 0.31.0-32-g396128a36d (webtiles) character file.

Game seed: 17337332459364667870

49 mainiacjoe the Digger (level 3, -3/21 HPs)
             Began as an Octopode Earth Elementalist on Mar 29, 2024.
             Slain by an orc wizard
             ... wielding a +0 dagger
              (4 damage)
             ... on level 2 of the Dungeon.
             The game lasted 00:03:55 (1329 turns).

mainiacjoe the Digger (Octopode Earth Elementalist) Turns: 1329, Time: 00:03:56

Health: -3/21      AC:  1    Str:  7    XL:     3   Next: 75%
Magic:  5/6        EV: 13    Int: 19    God:
Gold:   73         SH:  0    Dex: 12    Spells: 2/6 levels left

rFire   . . .        a - +0 short sword
rCold   . . .        (no shield)
rNeg    . . .        (helmet restricted)
rPois   .            (no amulet)
rElec   .            (no ring)
rCorr   .            (no ring)
SInv    .            (no ring)
Will    .....        (no ring)
Stlth   +++          (no ring)
HPRegen 0.23/turn    (no ring)
MPRegen 0.10/turn    (no ring)
                     (no ring)

%: no passive effects
@: hasted, very quick
A: almost no armour, amphibious, 8 rings, camouflage 1, gelatinous body 1,
(nimble swimmer 1), tentacles
a: no special abilities


You were on level 2 of the Dungeon.
You visited 1 branch of the dungeon, and saw 2 of its levels.

You collected 73 gold pieces.

Inventory:

Hand Weapons
 a - a +0 short sword (weapon)
 b - a +0 dagger
Missiles
 d - 5 poisoned darts
 j - 8 stones
Wands
 i - a wand of charming (7)
Scrolls
 f - a scroll of teleportation
 g - a scroll of enchant armour
Potions
 c - a potion of haste
 e - a potion of magic
 h - a potion of mutation


   Skills:
 + Level 0.8 Short Blades
 - Level 2.0 Dodging
 + Level 3.7 Stealth
 - Level 2.0 Spellcasting
 - Level 1.0 Conjurations
 * Level 4.0 Earth Magic


You had 2 spell levels left.
You knew the following spells:

 Your Spells              Type           Power      Damage    Failure   Level
a - Sandblast             Erth           34%        2d9       3%          1
z - Passwall              Erth           17%        N/A       10%         3

Your spell library contained the following spells:

 Spells                   Type           Power      Damage    Failure   Level
 Sting                    Conj/Alch      12%        1d3       14%         1
 Apportation              Tloc           2%         N/A       17%         1
 Necrotise                Necr           4%         1d4       17%         1
 Summon Small Mammal      Summ           4%         N/A       17%         1
 Stone Arrow              Conj/Erth      22%        3d8       19%         3
 Brom's Barrelling Bould  Conj/Erth      11%        2d3       52%         4
 Petrify                  Alch/Erth      9%         N/A       58%         4


Dungeon Overview and Level Annotations

Branches:
Dungeon (2/15)

Altars:


Innate Abilities, Weirdness & Mutations

You cannot wear most types of armour.
You are amphibious.
You can wear up to eight rings at the same time.
Your skin changes colour to match your surroundings (Stealth+).
Your rubbery body absorbs attacks. (AC +1, EV +1)
((You are camouflaged when in or above water. (Stealth+)))
You have tentacles for arms and can constrict up to eight enemies at once.


Message History

Press: ? - help, Shift-Dir - straight line, f/p - orc
Aim: an orc, wielding a +0 dagger and wearing a +0 leather armour (almost dead, 82% to hit)
The blast of sand hits the orc.
You kill the orc!
The orc wizard shouts!
The orc wizard gestures at you while chanting.
You are confused.
The orc wizard shouts!
You're too confused to cast spells.
Unknown command.
The orc wizard points at you and mumbles some strange words.
You are more confused.
Things that are here:
a +0 dagger; a +0 leather armour; an orc corpse The orc wizard misses you.
The orc wizard attacks as it pursues you!
The orc wizard hits you with a +0 dagger.
You closely miss the orc wizard. You squeeze the orc wizard!
The orc wizard is heavily wounded.
The orc wizard casts a spell at you. The magic dart hits you!
The orc wizard mumbles some strange words.
The orc wizard flickers and vanishes!
Deactivating autopickup; reactivate with Ctrl-A.
The orc wizard hits you with a +0 dagger.
Something hits you.
Okay, then.
You barely miss the orc. Your squeeze misses the orc.
The orc wizard hits you with a +0 dagger.
The orc hits you with a +0 club.
* * * LOW HITPOINT WARNING * * *
You're too confused to move!
You feel less confused. Something hits you but does no damage.
The orc wizard hits you with a +0 dagger.
* * * LOW HITPOINT WARNING * * *
The orc hits you with a +0 club.
* * * LOW HITPOINT WARNING * * *
You feel yourself speed up. Something hits you.
You die...

#. ...............####
#.#+####....#.....<.....
#.............##........
##.............#<........ .
..............#..##.....
..##............#..# ####
..................#.##########
#...##......).....#...........
#...##.........o@.############
#...##.........o{.#
#...##...........##
#...####.#########
#...####.########
.......o.........
.......#.######## .......#.#
.......#.#


You could see an orc wizard and an orc.

Vanquished Creatures
  An adder (D:2)
  A dart slug (D:1)
  An orc (D:2)
  4 ball pythons (D:1)
  5 bats (D:1)
  2 endoplasms (D:1)
  4 goblins
  A hobgoblin (D:1)
  5 jackals
  A quokka (D:1)
  2 frilled lizards
  3 kobolds (D:1)
  5 rats
35 creatures vanquished.

Notes
Turn   | Place    | Note
-------+----------+-------------------------------------------
     0 | D:1      | mainiacjoe the Octopode Earth Elementalist began the quest
                  | for the Orb.
     0 | D:1      | Reached XP level 1. HP: 11/11 MP: 3/3
   316 | D:1      | Reached XP level 2. HP: 17/17 MP: 3/5
   819 | D:1      | Found a faded altar of an unknown god.
   821 | D:1      | Reached XP level 3. HP: 21/21 MP: 4/6
   825 | D:1      | Learned a level 3 spell: Passwall
  1206 | D:2      | Reached skill level 4 in Earth Magic
  1328 | D:2      | HP: 1/21 [orc/+0 club (4)]
  1329 | D:2      | Slain by an orc wizard

Illustrated notes

Levels and vault maps discovered:
D:1:      lightli_molten_gateway, layout_rooms, serial_rivers,
          chequers_serial_rivers_small_3, chequers_serial_rivers_large_b,
          chequers_serial_rivers_room_b, chequers_serial_rivers_micro_c,
          chequers_serial_rivers_micro_a, chequers_serial_rivers_micro_d,
          basic_ecumenical_altar
D:2:      layout_basic, basic_altar, uniq_sigmund

Skill      XL: |  1  2  3 |
---------------+----------+-----
Stealth        | 3 |  3.7
Earth Magic    | 4 |  4.0
Short Blades   | |  0.8
Dodging        | |  2.0
Spellcasting   | |  2.0
Conjurations   | |  1.0

Action                     || total
---------------------------++-------
  Melee: Constrict         ||     3
         Dagger            ||     2
         Tentacles         ||     2
         Short sword       ||     8
   Cast: Sandblast         ||    49
    Use: Scroll            ||     6
         Potion            ||     1
 Armour: Skin              ||    18
  Dodge: Dodged            ||    13
